 Dungeon Crawl Stone Soup version 0.22-a0-619-ga0c6fd2 (webtiles) character file.

526 Hebeh the Conjurer (level 7, -11/36 HPs)
             Began as a Deep Elf Fire Elementalist on July 15, 2018.
             Was an Initiate of Vehumet.
             Mangled by a yak (14 damage)
             ... on level 4 of the Dungeon.
             The game lasted 00:26:45 (5479 turns).

Hebeh the Conjurer (Deep Elf Fire Elementalist)     Turns: 5479, Time: 00:26:46

Health: -11/36     AC:  2    Str:  5    XL:     7   Next: 2%
Magic:  15/17      EV: 13    Int: 22    God:    Vehumet [......]
Gold:   180        SH:  0    Dex: 15    Spells: 8/17 levels left

rFire    . . .     SeeInvis .   b - +4 hunting sling
rCold    . . .     Gourm    .   (no shield)
rNeg     . . .     Faith    .   h - +0 robe
rPois    .         Spirit   .   (no helmet)
rElec    .         Reflect  .   x - scarf {repulsion}
rCorr    .         Harm     .   (no gloves)
MR       .....                  (no boots)
Stlth    ++........             (no amulet)
HPRegen  0.12/turn              (no ring)
MPRegen  0.15/turn              (no ring)

@: repel missiles
A: no striking features
a: Renounce Religion


You were on level 4 of the Dungeon.
You worshipped Vehumet.
Vehumet was noncommittal.
You were hungry.

You visited 1 branch of the dungeon, and saw 5 of its levels.

You collected 180 gold pieces.

Inventory:

Hand Weapons
 a - a +1 flail of protection
 b - a +4 hunting sling (weapon)
 c - a +2 whip of venom
Missiles
 d - 154 stones (quivered)
 g - 114 arrows
 l - 23 bolts
Armour
 h - a +0 robe (worn)
 r - a +0 buckler
 x - a scarf of repulsion (worn)
Scrolls
 i - 2 scrolls of remove curse
 m - a scroll of enchant weapon {unknown}
 n - a scroll of enchant armour {unknown}
 o - 4 scrolls of fog {unknown}
 t - a scroll of amnesia {unknown}
 v - a scroll of teleportation {unknown}
 w - a scroll of random uselessness {unknown}
 y - a scroll of fear {unknown}
 z - 10 scrolls of identify {unknown}
Potions
 f - 2 potions of agility {unknown}
 j - 2 potions of heal wounds {unknown}
 k - 2 potions of berserk rage {unknown}
 p - 2 potions of resistance {unknown}
 q - a potion of haste {unknown}
 u - a potion of curing {unknown}
Comestibles
 e - 10 rations


   Skills:
 - Level 2.4 Dodging
 - Level 2.4 Stealth
 + Level 5.6 Spellcasting
 * Level 5.8 Conjurations
 + Level 5.1 Fire Magic


You had 8 spell levels left.
You knew the following spells:

 Your Spells              Type           Power        Failure   Level  Hunger
a - Flame Tongue          Conj/Fire      ####.        1%          1    None
b - Throw Flame           Conj/Fire      ####..       1%          2    None
c - Conjure Flame         Conj/Fire      ####....     3%          3    ##.....
d - Inner Flame           Hex/Fire       ###.....     10%         3    ##.....

Your spell library contained the following spells:

 Spells                   Type           Power        Failure   Level  Hunger
 Fireball                 Conj/Fire      ####......   28%         5    #####..
 Sticky Flame             Conj/Fire      ####....     10%         4    ####...


Dungeon Overview and Level Annotations

Branches:
Dungeon (5/15)
 Temple: D:4-7

Altars:
Fedhas
Kikubaaqudgha
Okawaru
Ru
Sif Muna
Trog
Vehumet

Annotations:
D:4 1 runed door, Acredo's ghost, amateur TrMo


Message History

The yak bellows!
There is a stone staircase leading up here.
Found 19 stones.
The yak gores you!
* * * LOW HITPOINT WARNING * * *
There is a stone staircase leading up here.
The yak gores you!
* * * LOW HITPOINT WARNING * * *
You climb upwards.
Level annotation: 1 runed door, Acredo's ghost, amateur TrMo
There is a stone staircase leading down here.
Casting: Throw Flame (safe; 1% risk of failure)
Confirm with . or Enter, or press ? or * to list all spells.
Aiming: Flame Tongue (safe; 1% risk of failure)
Press: ? - help, Shift-Dir - straight line, f - yak
Aim: a yak The flame tongue hits the yak.
The yak is moderately wounded.
The yak gores you!
You die...

#####################
....................#
......#############.# #####.#
##########.#### ##### ##
#.####.....>.##....# #...# .#
#...........Y#####.###...#
.####...........@......#.....#
............#).........#.#...##
............#..........#.#....#
......#...######.#.....#.#....#
......#...# #........#.#....##
...##.#...#####................##
...##.#...........#....###.....#.
...##.#........................#.
..........................#....#.


You could see a yak.

Vanquished Creatures
  A wyvern (D:5)
  An ogre (D:4)
  A hound (D:4)
  2 orc priests (D:3)
  2 orc wizards
  4 adders
  3 oozes
  2 dart slugs
  3 worms (D:2)
  2 leopard geckos
  12 orcs
  5 giant cockroaches
  9 goblins
  7 hobgoblins
  6 jackals
  3 quokkas
  6 bats
  3 frilled lizards
  8 kobolds
  A leopard gecko skeleton (D:4)
  12 rats
93 creatures vanquished.

Notes
Turn   | Place    | Note
-------+----------+-------------------------------------------
     0 | D:1      | Hebeh the Deep Elf Fire Elementalist began the quest for the Orb.
     0 | D:1      | Reached XP level 1. HP: 10/10 MP: 6/6
   281 | D:1      | Reached XP level 2. HP: 15/15 MP: 5/8
   964 | D:2      | Reached XP level 3. HP: 19/19 MP: 5/10
  1277 | D:2      | Learned a level 2 spell: Throw Flame
  1281 | D:2      | Learned a level 3 spell: Conjure Flame
  1285 | D:2      | Learned a level 3 spell: Inner Flame
  1567 | D:2      | Found a faded altar of an unknown god.
  1591 | D:2      | Found a sacrificial altar of Ru.
  1668 | D:2      | Reached XP level 4. HP: 24/24 MP: 8/11
  2260 | D:3      | Reached XP level 5. HP: 28/28 MP: 7/13
  2659 | D:3      | Found an iron altar of Okawaru.
  2671 | D:3      | Found a bloodstained altar of Trog.
  3115 | D:3      | Found a radiant altar of Vehumet.
  3133 | D:3      | Became a worshipper of Vehumet
  4122 | D:3      | Found a deep blue altar of Sif Muna.
  4347 | D:4      | Reached skill level 5 in Spellcasting
  4347 | D:4      | Reached XP level 6. HP: 32/32 MP: 12/15
  4356 | D:4      | Got a scorched war axe
  4357 | D:4      | Identified the +3 war axe "Teco" {chaos, +Rage} (You found it on level 4 of the Dungeon)
  4378 | D:4      | Found a runed door.
  4378 | D:4      | Noticed Acredo's ghost (amateur TrMo)
  4463 | D:4      | Reached skill level 5 in Conjurations
  4678 | D:4      | Found a blossoming altar of Fedhas.
  4795 | D:4      | Found an ancient bone altar of Kikubaaqudgha.
  5188 | D:5      | Entered Level 5 of the Dungeon
  5233 | D:5      | Noticed a wyvern
  5238 | D:5      | Killed a wyvern
  5238 | D:5      | Reached skill level 5 in Fire Magic
  5238 | D:5      | Reached XP level 7. HP: 18/36 MP: 11/17
  5435 | D:5      | Noticed a yak
  5437 | D:5      | Noticed a yak
  5438 | D:5      | Noticed a yak
  5479 | D:4      | Mangled by a yak

Vault maps used:
D:1:      evilmike_arrival_crescent
D:2:      nicolae_ru_great_annihilating_truth, first_ration,
          chequers_ecumenical_altar_simple_redux, minmay_pentomino_t2
D:3:      minitemple, lemuel_blue_sif_altar, lemuel_crystal_altar
D:4:      lemuel_coloured_pillars_altar, kennysheep_mini_moat,
          gammafunk_ghost_grave
D:5:      nicolae_qazlal_eye_of_the_storm

Skill      XL: |  1  2  3  4  5  6 |
---------------+-------------------+-----
Conjurations   | 2 3 4 5 |  5.8
Spellcasting   | 4 5 |  5.6
Fire Magic     | 4 5 |  5.1
Dodging        | |  2.4
Stealth        | |  2.4

Action                   |  1- 3 |  4- 6 |  7- 9 || total
-------------------------+-------+-------+-------++-------
Melee: Dagger            |    14 |     7 |       ||    21
 Fire: Hunting sling     |    27 |    54 |     3 ||    84
Throw: Stone             |    43 |       |       ||    43
 Cast: Flame Tongue      |    70 |    60 |     2 ||   132
       Throw Flame       |       |    16 |     2 ||    18
       Conjure Flame     |       |     3 |       ||     3
       Inner Flame       |       |     2 |     1 ||     3
  Use: Scroll            |       |     1 |       ||     1
  Eat: Chunk             |     2 |     8 |       ||    10
       Ration            |       |     1 |       ||     1
Armor: Robe              |     7 |     6 |       ||    13
Dodge: Dodged            |    27 |    20 |     1 ||    48

Table legend:
 A = Spawn XP
 B = Non-spawn XP
 C = Spawn XP percentage of total XP
 D = Spawn monster count
 E = Non-spawn monster count
 F = Spawn count percentage of total count
 G = Total turns spent on level
                    A         B        C        D         E        F      G
               +---------+---------+-------+---------+---------+-------+---------
         Total |       0 |     752 |   0.0 |       0 |      93 |   0.0 |  5479
               +---------+---------+-------+---------+---------+-------+---------
           D:1 |       0 |      35 |   0.0 |       0 |      21 |   0.0 |   913
           D:2 |       0 |     120 |   0.0 |       0 |      28 |   0.0 |  1267
           D:3 |       0 |     209 |   0.0 |       0 |      32 |   0.0 |  2130
           D:4 |       0 |     186 |   0.0 |       0 |      10 |   0.0 |   879
           D:5 |       0 |     202 |   0.0 |       0 |       2 |   0.0 |   290
               +---------+---------+-------+---------+---------+-------+---------
